cohdb
Replays
Latest Replays
All Replays
Popular Replays
Top Player Replays
Match Explorer
How It Works
Community
CoH3 Stats
Reddit
Sign in to upload your games and track your stats! →
Sign in with Steam
Match 45709217
Unlisted
Match 45709217
Overview
Messages
Build Orders
End
Selects Italian Combined Arms Battlegroup
Selects Bersaglieri Squad
Bersaglieri Squad
250 Light Carrier
Bersaglieri Squad
Bersaglieri Squad
Construct Light Support Kompanie
Selects Bersaglieri Bolster
2.5-tonne Medical Truck
Panzerjäger Mechanized Group
Combat Half-tracks
Selects Breda Model 30 Light Machine Guns
MG34 Team
Construct Mechanized Kompanie
254 Reconnaissance Tractor
Selects Semovente da 75/18 Assault Gun
Semovente da 75/18 Assault Gun
Semovente da 75/18 Assault Gun
Selects Strafing Run
Jason_Beebe
FLOKL
不可抱萌物
bigmac
ㅁㅁㅁㅁㅁ
Citizenkane
0
0
Comments
sign in to comment!
No comments posted yet!